 Dungeon Crawl Stone Soup version 0.29-a0-1027-gcd8c55af63 (webtiles) character file.

Game seed: 11047929976866231246

485 gruber the Conjurer (level 7, -2/41 HPs)
             Began as an Octopode Conjurer on Aug 12, 2022.
             Slain by Pikel
             ... wielding a +0 whip of freezing
              (7 damage)
             ... on level 4 of the Dungeon.
             The game lasted 00:04:34 (4592 turns).

gruber the Conjurer (Octopode Conjurer)             Turns: 4592, Time: 00:04:35

Health: -2/41      AC:  1    Str:  7    XL:     7   Next: 13%
Magic:  3/12       EV: 13    Int: 22    God:
Gold:   178        SH:  0    Dex: 10    Spells: 10/13 levels left

rFire   . . .      SeeInvis .   o - +0 short sword
rCold   . . .      Faith    .   (no shield)
rNeg    . . .      Spirit   .   (helmet restricted)
rPois   .          Reflect  .   (no amulet)
rElec   .          Harm     .   (no ring)
rCorr   .          Rampage  .   (no ring)
Will    .....                   (no ring)
Stlth   +++.......              (no ring)
HPRegen 0.13/turn               (no ring)
MPRegen 0.13/turn               (no ring)
                                (no ring)
                                (no ring)

@: no status effects
A: almost no armour, amphibious, 8 rings, camouflage 1, gelatinous body 1,
(nimble swimmer 1), tentacles
a: no special abilities


You were on level 4 of the Dungeon.
You visited 1 branch of the dungeon, and saw 4 of its levels.

You collected 178 gold pieces.

Inventory:

Hand Weapons
 o - a +0 short sword (weapon)
 p - a +0 long sword
Armour
 c - a +2 buckler
Wands
 m - a wand of flame (27)
Scrolls
 b - 2 scrolls of noise {unknown}
 e - 3 scrolls of enchant armour {unknown}
 l - a scroll of teleportation {unknown}
 n - 3 scrolls of poison {unknown}
 q - a scroll of blinking {unknown}
 r - a scroll of identify {unknown}
 t - a scroll of amnesia {unknown}
Potions
 a - a potion of magic
 d - a potion of invisibility {unknown}
 f - 3 potions of lignification {unknown}
 g - 2 potions of curing
 h - a potion of resistance {unknown}
 i - a potion of ambrosia {unknown}
 j - 4 potions of haste {unknown}
 k - a potion of attraction {unknown}
 s - a potion of brilliance


   Skills:
 - Level 2.0 Dodging
 - Level 2.6 Stealth
 + Level 3.9 Spellcasting
 + Level 7.4 Conjurations


You had 10 spell levels left.
You knew the following spells:

 Your Spells              Type           Power      Damage    Failure   Level
a - Magic Dart            Conj           100%       1d8       1%          1
b - Searing Ray           Conj           74%        2d7       1%          2

Your spell library contained the following spells:

 Spells                   Type           Power      Damage    Failure   Level
 Dazzling Flash           Conj/Hex       40%        N/A       8%          3
 Summon Small Mammal      Summ           16%        N/A       12%         1
 Fulminant Prism          Conj/Hex       10%        3d9       24%         4
 Iskenderun's Mystic Bla  Conj/Tloc      20%        2d6       24%         4
 Call Canine Familiar     Summ           4%         N/A       34%         3
 Summon Guardian Golem    Hex/Summ       4%         N/A       34%         3


Dungeon Overview and Level Annotations

Branches:
Dungeon (4/15)
 Temple: D:4-7

Altars:

Shops:
D:1 =   D:3 !   D:4 !

Annotations:
D:4 Pikel


Innate Abilities, Weirdness & Mutations

You cannot wear most types of armour.
You are amphibious.
You can wear up to eight rings at the same time.
Your skin changes colour to match your surroundings (Stealth+).
Your rubbery body absorbs attacks. (AC +1, EV +1)
((You are camouflaged when in or above water. (Stealth+)))
You have tentacles for arms and can constrict up to eight enemies at once.


Message History

Casting: Searing Ray (safe; 1% risk of failure)
Confirm with . or Enter, or press ? or * to list all spells.
Aiming: Searing Ray (safe; 1% risk of failure)
Press: ? - help, Shift-Dir - straight line, f - Pikel
Aim: Pikel, wielding a +0 whip of freezing and wearing a +0 robe (76% to hit)
The searing ray hits Pikel.
Pikel is lightly wounded.
The searing ray misses the lemure. (Press . to maintain the ray.)
The searing ray misses Pikel.
The searing ray hits the lemure but does no damage.
The searing ray hits Pikel.
Pikel is lightly wounded.
Pikel hits you with a +0 whip of freezing!
Pikel freezes you.
The searing ray misses Pikel.
You finish channelling your searing ray.
Pikel barely misses you.
Unknown command.
Unknown command.
Casting: Searing Ray (safe; 1% risk of failure)
Confirm with . or Enter, or press ? or * to list all spells.
Aiming: Searing Ray (safe; 1% risk of failure)
Press: ? - help, Shift-Dir - straight line, f/p - Pikel
Aim: Pikel, wielding a +0 whip of freezing and wearing a +0 robe (lightly wounded, 76% to hit)
The searing ray hits Pikel.
Pikel is moderately wounded. (Press . to maintain the ray.)
The lemure shouts!
Pikel hits you with a +0 whip of freezing!
Pikel freezes you.
The searing ray misses Pikel.
Pikel hits you with a +0 whip of freezing!
* * * LOW HITPOINT WARNING * * *
Pikel freezes you.
* * * LOW HITPOINT WARNING * * *
The searing ray hits Pikel!
Pikel is heavily wounded.
Pikel hits you with a +0 whip of freezing!
You die...

..## #........#...#. #
.........#..... .#
..........###.## ##..##
#........ ###. ###
.###..#############..# ...#
...# #..#.......#..###
...## ... ##.'..8⌠8..'.###.
#...##..
###..#.......#..###
#.....###K@#############..#
##...##55###....#.... ###.
#....†5####)......... ##
##...### #....!.5.5..
##......## #...K......
#.....)..###..........
............#....5......
.......#....K5...5......
##.s...##....⌠.⌠........


You could see Pikel and 3 lemures.

Vanquished Creatures
  Sigmund (D:3)
  A black bear (D:3)
  A necrophage (D:3)
  Jessica (D:3)
  Ijyb (D:3)
  Robin (D:2)
  3 adders
  4 worms (D:2)
  An orc (D:3)
  5 ball pythons
  5 endoplasms
  A giant cockroach (D:4)
  11 goblins
  11 hobgoblins
  2 jackals (D:3)
  6 kobolds
  3 quokkas
  6 bats
  A frilled lizard (D:2)
  3 rats
68 creatures vanquished.

Vanquished Creatures (others)
  3 plants (D:3)
3 creatures vanquished.

Grand Total: 71 creatures vanquished

Notes
Turn   | Place    | Note
-------+----------+-------------------------------------------
     0 | D:1      | gruber the Octopode Conjurer began the quest for the Orb.
     0 | D:1      | Reached XP level 1. HP: 11/11 MP: 3/3
   416 | D:1      | Reached XP level 2. HP: 17/17 MP: 1/5
   695 | D:1      | Found Ynuckav's Jewellery Shop.
  1292 | D:2      | Reached XP level 3. HP: 21/21 MP: 1/6
  1699 | D:2      | Reached skill level 5 in Conjurations
  1707 | D:2      | Learned a level 2 spell: Searing Ray
  2296 | D:2      | Reached XP level 4. HP: 15/27 MP: 7/7
  2619 | D:3      | Noticed Robin
  2938 | D:2      | Killed Robin
  3217 | D:3      | Noticed Jessica
  3287 | D:3      | Killed Jessica
  3288 | D:3      | Reached XP level 5. HP: 23/31 MP: 3/9
  3387 | D:3      | Noticed a black bear
  3444 | D:3      | Killed a black bear
  3445 | D:3      | Reached skill level 6 in Conjurations
  3531 | D:3      | Reached XP level 6. HP: 34/36 MP: 2/11
  3612 | D:3      | Found Casucuis's Distillery.
  3912 | D:3      | Noticed Ijyb
  3947 | D:3      | Killed Ijyb
  4202 | D:3      | Noticed Sigmund
  4209 | D:3      | Killed Sigmund
  4210 | D:3      | Reached skill level 7 in Conjurations
  4210 | D:3      | Reached XP level 7. HP: 30/41 MP: 2/12
  4479 | D:4      | Found Elad's Distillery.
  4567 | D:4      | Noticed Pikel
  4592 | D:4      | Slain by Pikel

Illustrated notes

Levels and vault maps discovered:
D:1:      spicycebolla_green_bress_n_ham, layout_loops_ring, serial_shops,
          shop_statue, minmay_misc_feat_chi
D:2:      layout_basic
D:3:      layout_basic, serial_shops, shop, guppyfry_early_lair_pool,
          uniq_jessica, uniq_sigmund, uniq_robin, uniq_ijyb
D:4:      layout_cave_pools, serial_shops, shop_fountains, grunt_decor_clamped,
          dk_vineyard_2, st_stairs_5, uniq_pikel

Skill      XL: |  1  2  3  4  5  6 |
---------------+-------------------+-----
Conjurations   | 5 6 7 |  7.4
Spellcasting   | 3 |  3.9
Dodging        | |  2.0
Stealth        | |  2.6

Action                   |  1- 3 |  4- 6 |  7- 9 || total
-------------------------+-------+-------+-------++-------
Melee: Unarmed           |    39 |       |       ||    39
       Constrict         |    14 |    12 |     4 ||    30
       Tentacles         |    10 |    11 |     4 ||    25
       Short sword       |     8 |    51 |    24 ||    83
       Punch             |     1 |       |       ||     1
 Cast: Magic Dart        |    44 |     2 |       ||    46
       Searing Ray       |     2 |    13 |     2 ||    17
 Stab: Sleeping          |     3 |     3 |       ||     6
Armor: Skin              |     8 |     3 |     1 ||    12
Dodge: Dodged            |    28 |    53 |    18 ||    99

Table legend: (Time is in decaauts)
 A = Elapsed time spent in this place.
 B = Non-inter-level travel time spent in this place.
 C = Inter-level travel time spent in this place.
 D = Time resting spent in this place.
 E = Time spent auto-exploring this place.
 F = Levels seen in this place.
 G = Mean time per level.
                   A        B        C        D        E       F      G
               +--------+--------+--------+--------+--------+-----+--------+
         Total |   4602 |   4475 |    127 |     36 |   3810 |   4 | 1150.5 |
       Dungeon |   4602 |   4475 |    127 |     36 |   3810 |   4 | 1150.5 |
               +--------+--------+--------+--------+--------+-----+--------+

Top non-repeatable levels by time:
     D:2: 1956 daAuts
     D:3: 1373 daAuts
     D:1: 1048 daAuts
     D:4: 223 daAuts
